 Dungeon Crawl Stone Soup version 0.29.0-5-ge4962eb29e (webtiles) character file.

Game seed: 4828514650080378419

17586 sanka the Brawler (level 12, -5/109 HPs)
             Began as a Troll Monk on Aug 28, 2022.
             Was the Champion of Okawaru.
             Slain by a seven-headed hydra (9 damage)
             ... on level 12 of the Dungeon.
             The game lasted 00:17:32 (10324 turns).

sanka the Brawler (Troll Monk)                     Turns: 10324, Time: 00:17:33

Health: -5/109     AC: 13    Str: 30    XL:     12   Next: 20%
Magic:  14/15      EV: 14    Int:  6    God:    Okawaru [******]
Gold:   831        SH:  0    Dex: 14    Spells: 11/11 levels left

rFire   . . .      SeeInvis +   b - +0 giant club
rCold   . . .      Faith    +   (shield currently unavailable)
rNeg    . . .      Spirit   .   a - +5 robe of Night {Dark Will+ SInv}
rPois   .          Reflect  .   K - +0 hat {Will+}
rElec   .          Harm     .   (no cloak)
rCorr   .          Rampage  .   (gloves unavailable)
Will    ++...                   (boots unavailable)
Stlth   +++.......              A - amulet of faith
HPRegen 1.08/turn               t - +6 ring of strength
MPRegen 0.14/turn               p - +4 ring of protection

@: heroic
A: large, unfitting armour, claws 3, regeneration 1, shaggy fur 1, tough skin 1,
frail 1, subdued magic 1
a: Renounce Religion, Heroism, Finesse, Duel


You were on level 12 of the Dungeon.
You worshipped Okawaru.
Okawaru was exalted by your worship.
You visited 2 branches of the dungeon, and saw 13 of its levels.
You also visited: Ossuary.

You collected 831 gold pieces.


Innate Abilities, Weirdness & Mutations

You are too large for most types of armour.
You have claws for hands.
Your natural rate of healing is unusually fast.
You are covered in fur. (AC +1)
You have tough skin. (AC +1)
You are frail. (-10% HP)
Your spells are a little easier to cast, but a little less powerful.


   Skills:
 + Level 8.5(13.5) Fighting
 + Level 5.5(10.5) Dodging
 - Level 1.0(6.0) Stealth
 + Level 15.3(20.3) Unarmed Combat
 + Level 6.5 Invocations


You had 11 spell levels left.
You didn't know any spells.
Your spell library contained the following spells:

 Spells                   Type           Power      Damage    Failure   Level
 Magic Dart               Conj           0%         1d3       41%         1
 Poisonous Vapours        Pois/Air       0%         N/A       54%         2
 Searing Ray              Conj           0%         2d4       54%         2
 Static Discharge         Conj/Air       0%         3-3/arc   54%         2
 Gell's Gravitas          Tloc           0%         N/A       80%         3
 Lesser Beckoning         Tloc           0%         N/A       80%         3
 Portal Projectile        Hex/Tloc       0%         N/A       80%         3
 Teleport Other           Tloc           0%         N/A       80%         3
 Corpse Rot               Necr/Pois/Air  0%         N/A       99%         4
 Fulminant Prism          Conj/Hex       0%         3d6       99%         4
 Petrify                  Tmut/Erth      0%         N/A       99%         4
 Blade Hands              Tmut           0%         N/A       100%        5
 Lightning Bolt           Conj/Air       0%         1d11      100%        5
 Metabolic Englaciation   Hex/Ice        0%         N/A       100%        5
 Statue Form              Tmut/Erth      0%         N/A       100%        6
 Maxwell's Capacitive Co  Air            0%         ∞         100%        8
 Tukima's Dance           Hex            Unusable   N/A       N/A         3

Inventory:

Hand Weapons
 b - a +0 giant club (weapon)
Missiles
 u - 5 javelins (quivered)
Armour
 a - the +5 robe of Night (worn) {Dark Will+ SInv}

   It shrouds the wearer in darkness, reducing the range at which they can see
   and be seen by others.
   SInv:      It lets you see invisible.
   Will:      It increases your willpower.
 K - a +0 hat of willpower (worn)
 L - +0 acid dragon scales
Magical Staves
 l - a staff of air
Jewellery
 c - a +6 ring of strength
 i - a ring of see invisible
 j - a ring of magical power
 p - a +4 ring of protection (right claw)
 t - a +6 ring of strength (left claw)
 A - an amulet of faith (around neck)
 B - a ring of poison resistance
 H - a ring of wizardry
 M - a ring of willpower
 N - the amulet of Ketian {Reflect rPois rF+ Will+ SH+5}

   [amulet of reflection]

   It reflects blocked missile attacks.
   rF:        It protects you from fire.
   rPois:     It protects you from poison.
   SH:        It affects your SH (+5).
   Will:      It increases your willpower.
Wands
 q - a wand of flame (28)
 I - a wand of light (6)
 J - a wand of mindburst (13)
 O - a wand of iceblast (7)
Scrolls
 d - 3 scrolls of vulnerability {!r}
 e - 2 scrolls of enchant armour
 k - 2 scrolls of fear
 m - 3 scrolls of noise {!r}
 o - 2 scrolls of acquirement {unknown}
 s - 3 scrolls of immolation {!r}
 v - 7 scrolls of teleportation {@r4}
 y - 3 scrolls of magic mapping {unknown}
 D - 2 scrolls of poison {!r}
 F - 2 scrolls of blinking {unknown}
 G - a scroll of silence {unknown}
 P - a scroll of enchant weapon {unknown}
Potions
 f - a potion of degeneration {unknown}
 g - 9 potions of curing {@q1}
 h - a potion of heal wounds {unknown}
 n - a potion of might
 r - 5 potions of lignification {unknown}
 w - 4 potions of magic {unknown}
 x - 7 potions of brilliance {unknown}
 z - 2 potions of haste {@q3}
 C - a potion of resistance {unknown}
 E - a potion of attraction {unknown}
 Q - a potion of flight {unknown}

Dungeon Overview and Level Annotations

Branches:
Dungeon (12/15)            Temple (1/1) D:7            Lair (0/5) D:10
    Orc (0/2) D:9         Ossuary (visited)

Altars:
Ashenzari
Cheibriados
Dithmenos
Elyvilon
Fedhas
Gozag
Hepliaklqana
Kikubaaqudgha
Makhleb
Nemelex Xobeh
Okawaru
Qazlal
Ru
Sif Muna
Trog
Uskayaw
Vehumet
Wu Jian
Xom
Yredelemnul
Zin
The Shining One

Shops:
D:2 =((

Annotations:
D:3 1 runed translucent door, RNPValinor's ghost, amateur PaFi

..▒▒▒▒▒▒.▒.....▒+ ▒..
.........▒))....> ...
▒▒▒▒▒▒▒▒▒▒.)..... ..
............▒▒▒▒▒..▒
..
............'...▒..▒
..
............▒...▒.(▒
#.
............▒...▒..▒▒▒
..
............▒▒▒▒▒.....
................TD....
..........)▒▒▒▒▒▒▒▒...
...........▒ .
▒▒▒▒▒▒▒▒...▒ ▒...▒
▒▒▒▒▒


You could see a seven-headed hydra.


Message History

The seven-headed hydra is moderately wounded.
The seven-headed hydra bites you!
* * * LOW HITPOINT WARNING * * *
The seven-headed hydra bites you but does no damage.
The seven-headed hydra bites you but does no damage.
The seven-headed hydra bites you!
* * * LOW HITPOINT WARNING * * *
The seven-headed hydra bites you but does no damage.
The seven-headed hydra bites you but does no damage.
The seven-headed hydra barely misses you.
Unknown command.
You hit the seven-headed hydra.
The seven-headed hydra is moderately wounded.
The seven-headed hydra misses you.
The seven-headed hydra barely misses you.
The seven-headed hydra bites you but does no damage.
The seven-headed hydra bites you but does no damage.
The seven-headed hydra bites you!
* * * LOW HITPOINT WARNING * * *
The seven-headed hydra bites you!
* * * LOW HITPOINT WARNING * * *
The seven-headed hydra bites you!
* * * LOW HITPOINT WARNING * * *
The seven-headed hydra misses you. The seven-headed hydra bites you.
* * * LOW HITPOINT WARNING * * *
The seven-headed hydra bites you but does no damage.
The seven-headed hydra barely misses you.
The seven-headed hydra bites you!
You die...

Action                   |  1- 3 |  4- 6 |  7- 9 | 10-12 || total
-------------------------+-------+-------+-------+-------++-------
Melee: Unarmed           |    46 |   130 |   268 |   291 ||   735
       Punch             |       |     5 |    20 |    25 ||    50
       Giant club        |       |       |       |     5 ||     5
Throw: Javelin           |       |       |       |     8 ||     8
Invok: Heroism           |       |       |     1 |    11 ||    12
Evoke: Wand              |       |       |       |     2 ||     2
  Use: Potion            |     1 |     2 |       |       ||     3
       Scroll            |       |       |       |    10 ||    10
 Stab: Sleeping          |     1 |     4 |     4 |     2 ||    11
       Paralysed         |       |       |     1 |       ||     1
Armor: Robe              |    15 |    42 |    56 |    92 ||   205
       Acid dragon scale |       |       |       |    15 ||    15
Dodge: Dodged            |    17 |    66 |    82 |   156 ||   321

Levels and vault maps discovered:
D:1:      ldierk_water_garden, layout_loops_ring, ebering_ecumenical_altar_box
D:2:      layout_basic, serial_shops, nicolae_shop_bloodbath_and_beyond,
          nicolae_shop_hallway_stairs, nicolae_shop_trees, minmay_unequal
D:3:      layout_rooms, ebering_ghost_reflecting_pool,
          kennysheep_decorative_pillar, kennysheep_another_room
D:4:      layout_cave_pods, nemelex_xobeh_ov_fountains_minmay
D:5:      layout_basic, yredelemnul_forgotten_temple_becter,
          nicolae_ru_great_annihilating_truth, nicolae_qazlal_style_of_elements,
          uniq_grinder, uniq_blork_the_orc
D:6:      layout_rooms, makhleb_heckhound_becter, nrook_campfire,
          hangedman_decor_push
D:7:      layout_basic, okawaru_altar_gauntlet_db, temple_statues
D:8:      layout_basic, gammafunk_temple_overflow_wave, enter_ossuary_4,
          st_stairs_6
D:9:      layout_basic, nicolae_sif_muna_condensation, erik_orc_2,
          kennysheep_generic_room_8, uniq_gastronok, uniq_grum
D:10:     layout_roguey, mainiacjoe_overflow_alcove_4, erik_lair_dragon,
          uniq_erolcha
D:11:     layout_long_grid
D:12:     layout_irregular_city, uniq_nessos
Temple:   nicolae_temple_ecumenical_triangle

Notes
Turn   | Place    | Note
-------+----------+-------------------------------------------
     0 | D:1      | sanka the Troll Monk began the quest for the Orb.
     0 | D:1      | Reached XP level 1. HP: 22/22 MP: 0/0
    81 | D:1      | Found a faded altar of an unknown god.
   111 | D:1      | Reached XP level 2. HP: 29/29 MP: 1/1
   625 | D:4      | Noticed an ogre
   634 | D:4      | Killed an ogre
   635 | D:4      | Reached skill level 5 in Unarmed Combat
   635 | D:4      | Reached XP level 3. HP: 36/36 MP: 2/2
   635 | D:4      | Reached XP level 4. HP: 44/44 MP: 3/3
   663 | D:4      | Found a sparkling altar of Nemelex Xobeh.
   687 | D:4      | Reached XP level 5. HP: 22/50 MP: 4/4
   691 | D:4      | HP: 4/50 [poisoned by a goblin]
   693 | D:4      | Gained mutation: Your spells are a little easier to cast,
                  | but a little less powerful. [potion of mutation]
   693 | D:4      | Gained mutation: You are frail. (-10% HP) [potion of
                  | mutation]
   693 | D:4      | HP: 1/45 [poisoned by a goblin]
   698 | D:4      | HP: 1/45 [poisoned by a goblin]
   760 | D:4      | Reached skill level 6 in Unarmed Combat
  1046 | D:4      | Reached XP level 6. HP: 50/53 MP: 5/5
  1537 | D:3      | Found a runed translucent door.
  1605 | D:3      | Reached skill level 7 in Unarmed Combat
  2032 | D:3      | Noticed RNPValinor's ghost (amateur PaFi)
  2200 | D:2      | Found Hiux's Weapon Boutique.
  2200 | D:2      | Found Ryec's Antique Weapon Shop.
  2256 | D:2      | Found Peperi's Jewellery Shop.
  2790 | D:5      | Entered Level 5 of the Dungeon
  2908 | D:5      | Reached skill level 8 in Unarmed Combat
  2908 | D:5      | Reached XP level 7. HP: 44/59 MP: 6/6
  2960 | D:5      | Noticed Grinder
  2968 | D:5      | Paralysed by Grinder for 4 turns
  2977 | D:5      | Killed Grinder
  3025 | D:5      | Noticed Blork the orc
  3032 | D:5      | Killed Blork the orc
  3033 | D:5      | Reached skill level 9 in Unarmed Combat
  3140 | D:5      | Found a stormy altar of Qazlal.
  3142 | D:5      | Noticed a fire elemental
  3143 | D:5      | Noticed a water elemental
  3143 | D:5      | Noticed an air elemental
  3233 | D:5      | Found a basalt altar of Yredelemnul.
  3278 | D:5      | Found a sacrificial altar of Ru.
  3483 | D:5      | Reached XP level 8. HP: 65/66 MP: 7/7
  3628 | D:6      | Reached skill level 10 in Unarmed Combat
  3988 | D:6      | Found a burning altar of Makhleb.
  4257 | D:7      | Reached skill level 11 in Unarmed Combat
  4426 | D:7      | Found a staircase to the Ecumenical Temple.
  4437 | Temple   | Entered the Ecumenical Temple
  4609 | D:7      | Reached skill level 12 in Unarmed Combat
  4713 | D:7      | Reached XP level 9. HP: 61/72 MP: 8/8
  4732 | D:7      | Found an iron altar of Okawaru.
  4750 | D:7      | Became a worshipper of Warmaster Okawaru
  4750 | D:7      | Reached * piety under Okawaru
  4750 | D:7      | Reached ** piety under Okawaru
  4955 | D:8      | Reached skill level 1 in Invocations
  5017 | D:8      | Reached skill level 3 in Dodging
  5051 | D:8      | Reached skill level 3 in Fighting
  5070 | D:8      | Found a blossoming altar of Fedhas.
  5071 | D:8      | Found a glowing golden altar of the Shining One.
  5123 | D:8      | Reached skill level 2 in Invocations
  5250 | D:8      | Reached *** piety under Okawaru
  5253 | D:8      | Reached skill level 3 in Invocations
  5256 | D:8      | Reached skill level 4 in Fighting
  5275 | D:8      | Found a sand-covered staircase.
  5307 | Ossuary  | Entered an ossuary
  5597 | Ossuary  | Noticed Menkaure
  5598 | Ossuary  | Killed Menkaure
  5599 | Ossuary  | Reached skill level 13 in Unarmed Combat
  5786 | D:8      | Reached XP level 10. HP: 84/84 MP: 11/11
  5907 | D:8      | Reached **** piety under Okawaru
  5908 | D:8      | Reached skill level 4 in Invocations
  6579 | D:9      | Reached skill level 5 in Fighting
  6582 | D:9      | Noticed Gastronok
  6604 | D:9      | Killed Gastronok
  6604 | D:9      | Reached ***** piety under Okawaru
  6605 | D:9      | Noticed Grum
  6607 | D:9      | Identified +0 acid dragon scales
  6660 | D:9      | Reached skill level 6 in Fighting
  6682 | D:9      | Killed Grum
  6830 | D:9      | Reached skill level 14 in Unarmed Combat
  6867 | D:9      | Found a shimmering blue altar of Sif Muna.
  7028 | D:9      | Received a gift from Okawaru
  7028 | D:9      | Found the +5 robe of Night {Dark Will+ SInv}
  7134 | D:9      | Found a staircase to the Orcish Mines.
  7252 | D:9      | Reached skill level 7 in Fighting
  7267 | D:9      | Reached XP level 11. HP: 79/98 MP: 11/13
  7735 | D:10     | Entered Level 10 of the Dungeon
  7795 | D:10     | Noticed a two-headed ogre
  7800 | D:10     | Killed a two-headed ogre
  7921 | D:10     | Noticed Erolcha
  7928 | D:10     | Killed Erolcha
  8095 | D:10     | Found an opulent altar of Gozag.
  8216 | D:10     | Reached skill level 4 in Dodging
  8216 | D:10     | Reached skill level 5 in Invocations
  8509 | D:10     | Found a staircase to the Lair.
  8753 | D:11     | Noticed an eight-headed hydra
  9010 | D:11     | Reached ****** piety under Okawaru
  9330 | D:11     | Received a gift from Okawaru
  9331 | D:11     | Reached skill level 8 in Fighting
  9464 | D:12     | Noticed Nessos
  9466 | D:12     | Reached skill level 15 in Unarmed Combat
  9482 | D:12     | Killed Nessos
  9483 | D:12     | Reached skill level 5 in Dodging
  9483 | D:12     | Reached skill level 6 in Invocations
  9591 | D:12     | Reached XP level 12. HP: 108/108 MP: 12/15
  9843 | D:12     | Identified the amulet of Ketian {Reflect rPois rF+ Will+
                  | SH+5}
  9975 | D:12     | Noticed a two-headed ogre
  9979 | D:12     | Killed a two-headed ogre
  9979 | D:12     | Received a gift from Okawaru
 10316 | D:12     | Noticed a seven-headed hydra
 10324 | D:12     | HP: 9/109 [seven-headed hydra (10)]
 10324 | D:12     | HP: 4/109 [seven-headed hydra (5)]
 10324 | D:12     | Slain by a seven-headed hydra

Vanquished Creatures
  Gastronok (D:9)
  Nessos (D:12)
  Erolcha (D:10)
  2 two-headed ogres
  A manticore (D:12)
  A gargoyle (D:11)
  An unseen horror (D:12)
  3 komodo dragons
  2 trolls
  Grinder (D:5)
  5 slime creatures (D:12)
  5 wyverns
  2 vampires
  2 wraiths
  26 yaks
  A steam dragon (D:8)
  Grum (D:9)
  4 vampire mosquitoes (D:10)
  Menkaure (Ossuary)
  3 acid dragons
  3 ice beasts
  A swamp drake (D:10)
  6 orc warriors
  2 black bears
  A sky beast (D:7)
  3 ogres
  3 wolves (D:9)
  6 centaurs
  A phantom (D:7)
  Blork the orc (D:5)
  3 kobold brigands
  A bullfrog (D:9)
  2 scorpions
  4 wights (D:8)
  3 howler monkeys
  5 hounds
  4 jellies
  9 orc priests
  A gnoll bouda (D:6)
  3 iguanas
  10 orc wizards
  3 mummies (Ossuary)
  7 gnolls
  9 adders
  2 white imps (D:6)
  3 ufetubi
  4 worms
  3 dart slugs
  43 orcs
  6 ball pythons
  8 endoplasms
  2 giant cockroaches (D:4)
  3 gnoll zombies (Ossuary)
  6 hobgoblins
  8 jackals (D:4)
  18 kobolds
  4 quokkas
  4 bats
  5 frilled lizards
  6 gnoll skeletons (Ossuary)
  7 goblins
  5 goblin skeletons (Ossuary)
  3 goblin zombies (Ossuary)
  4 hobgoblin skeletons (Ossuary)
  5 hobgoblin zombies (Ossuary)
  3 kobold skeletons (Ossuary)
  6 kobold zombies (Ossuary)
  4 orc skeletons (Ossuary)
  3 orc zombies (Ossuary)
  A quokka zombie (D:8)
  7 rats
  3 rat skeletons (Ossuary)
  6 rat zombies
  A spectral orc (D:5)
338 creatures vanquished.

Vanquished Creatures (others)
  An orc wizard (D:9)
  A plant (D:8)
  4 toadstools (D:1)
6 creatures vanquished.

Grand Total: 344 creatures vanquished
